| TOP OF THE 1ST |
|
Detroit (APP) Tigers batting - Pitching for Texas (APP) Rangers : RHP Jim Canady
|
|
Pitching: RHP Jim Canady
|
|
|
Batting: RHB Jon Goldstein
|
0-0: Ball 1-0: Ball 2-0: Ball 3-0: Called Strike 3-1: Ground out 5-3 (Groundball, 56, EV 105.6 MPH)
|
|
Batting: RHB Keith Hoffman
|
0-0: Ball 1-0: Foul Ball, location: 2F 1-1: Ball 2-1: Swinging Strike 2-2: Ball 3-2: Ground out 6-3 (Groundball, 6M, EV 97.5 MPH)
|
|
Batting: RHB Adam MacConnell
|
0-0: SINGLE (Groundball, 15S, EV 74.4 MPH) (infield hit)
|
|
Batting: RHB Tony Soto
|
0-0: Ball 1-0: Ball 2-0: Called Strike 2-1: Ball 3-1: Called Strike 3-2: Foul Ball, location: 2F 3-2: Base on Balls Adam MacConnell to second
|
|
Batting: RHB Jose Evangelista
|
0-0: Fielders Choice at 2nd, 6-4 (Groundball, 6, EV 100.6 MPH)
|
| Top of the 1st over - 0 runs, 1 hit, 0 errors, 2 left on base; Detroit (APP) 0 - Texas (APP) 0 |
| BOTTOM OF THE 1ST |
|
Texas (APP) Rangers batting - Pitching for Detroit (APP) Tigers : RHP John Evancho
|
|
Pitching: RHP John Evancho
|
|
|
Batting: LHB Walter Vegter
|
0-0: Ball 1-0: Called Strike 1-1: Ball 2-1: Called Strike 2-2: SINGLE (Groundball, 4MD, EV 102.5 MPH)
|
|
Batting: RHB Jay De Angelis
|
0-0: Called Strike 0-1: Ball 1-1: Ball 2-1: Grounds into double play, 4-6-3 (Groundball, 4, EV 81.9 MPH)
|
|
Batting: RHB Robby Adair
|
0-0: Ball 1-0: Called Strike 1-1: Foul Ball, location: 2F 1-2: Fly out, F7 (Flyball, 78D, EV 100.6 MPH)
|
| Bottom of the 1st over - 0 runs, 1 hit, 0 errors, 0 left on base; Detroit (APP) 0 - Texas (APP) 0 |
| TOP OF THE 2ND |
|
Detroit (APP) Tigers batting - Pitching for Texas (APP) Rangers : RHP Jim Canady
|
|
Batting: RHB Willie Ochoa
|
0-0: Foul Ball, location: 2F 0-1: Foul Ball, location: 2F 0-2: Foul Ball, location: 2F 0-2: Strikes out swinging
|
|
Batting: RHB Jamie Villagrana
|
0-0: Ball 1-0: Foul Ball, location: 2F 1-1: Ball 2-1: Swinging Strike 2-2: Strikes out looking
|
|
Batting: RHB Jeremiah Washington
|
0-0: Foul Ball, location: 2F 0-1: Ball 1-1: Called Strike 1-2: Ball 2-2: Strikes out looking
|
| Top of the 2nd over - 0 runs, 0 hits, 0 errors, 0 left on base; Detroit (APP) 0 - Texas (APP) 0 |
| BOTTOM OF THE 2ND |
|
Texas (APP) Rangers batting - Pitching for Detroit (APP) Tigers : RHP John Evancho
|
|
Batting: RHB Ryan Pastore
|
0-0: Called Strike 0-1: Foul Ball, location: 2F 0-2: Ball 1-2: Strikes out swinging
|
|
Batting: RHB David Redman
|
0-0: Foul Ball, location: 2F 0-1: Foul Ball, location: 2F 0-2: Ball 1-2: Strikes out looking
|
|
Batting: SHB Mark Paquin
|
0-0: Called Strike 0-1: Called Strike 0-2: Ground out U3 (Groundball, 34, EV 99.4 MPH)
|
| Bottom of the 2nd over - 0 runs, 0 hits, 0 errors, 0 left on base; Detroit (APP) 0 - Texas (APP) 0 |
| TOP OF THE 3RD |
|
Detroit (APP) Tigers batting - Pitching for Texas (APP) Rangers : RHP Jim Canady
|
|
Batting: LHB Steve Herrera
|
0-0: Called Strike 0-1: Ball 1-1: Swinging Strike 1-2: Ball 2-2: Ball 3-2: SINGLE (Groundball, 5D, EV 100.0 MPH)
|
|
Batting: RHB Jon Goldstein
|
0-0: Called Strike 0-1: Swinging Strike 0-2: Foul Ball, location: 2F 0-2: Ball 1-2: Foul Ball, location: 2F 1-2: Strikes out looking
|
|
Batting: RHB Keith Hoffman
|
0-0: Fly out, F6 (Flyball, 56D, EV 90.6 MPH)
|
|
Batting: RHB Adam MacConnell
|
0-0: Ball 1-0: Reached on error, E2 (Groundball, 2R, EV 73.8 MPH) Steve Herrera to second
|
|
Batting: RHB Tony Soto
|
0-0: Ball 1-0: Ball 2-0: Called Strike 2-1: Fielders Choice at 2nd, 6-4 (Groundball, 6, EV 106.3 MPH)
|
| Top of the 3rd over - 0 runs, 1 hit, 1 error, 2 left on base; Detroit (APP) 0 - Texas (APP) 0 |
| BOTTOM OF THE 3RD |
|
Texas (APP) Rangers batting - Pitching for Detroit (APP) Tigers : RHP John Evancho
|
|
Batting: RHB Matt Silva
|
0-0: Foul Ball, location: 2F 0-1: Ball 1-1: Foul Ball, location: 2F 1-2: Ground out U3 (Groundball, 23, EV 81.3 MPH)
|
|
Batting: RHB Alex Lopez
|
0-0: Ball 1-0: Ball 2-0: Called Strike 2-1: Foul Ball, location: 2F 2-2: Strikes out swinging
|
|
Batting: SHB Albert Ortiz
|
0-0: Called Strike 0-1: Foul Ball, location: 2F 0-2: Ground out 4-3 (Groundball, 4, EV 78.1 MPH)
|
| Bottom of the 3rd over - 0 runs, 0 hits, 0 errors, 0 left on base; Detroit (APP) 0 - Texas (APP) 0 |
| TOP OF THE 4TH |
|
Detroit (APP) Tigers batting - Pitching for Texas (APP) Rangers : RHP Jim Canady
|
|
Batting: RHB Jose Evangelista
|
0-0: Ball 1-0: Called Strike 1-1: Ground out 3-1 (Groundball, 34S, EV 79.4 MPH)
|
|
Batting: RHB Willie Ochoa
|
0-0: Ball 1-0: Ball 2-0: Swinging Strike 2-1: Foul Ball, location: 2F 2-2: Ball 3-2: Foul Ball, location: 2F 3-2: SINGLE (Groundball, 6MD, EV 97.5 MPH)
|
|
Batting: RHB Jamie Villagrana
|
0-0: Ball 1-0: Called Strike 1-1: Swinging Strike 1-2: Ball 2-2: Fly out, F9 (Flyball, 9, EV 76.9 MPH)
|
|
Batting: RHB Jeremiah Washington
|
0-0: Ball 1-0: DOUBLE (Groundball, 3L, EV 103.8 MPH) Willie Ochoa to third Runner from 3rd tries for Home, SAFE, throw by RF to trailing runner, SAFE at third!
|
|
Batting: LHB Steve Herrera
|
0-0: Called Strike 0-1: Ball 1-1: Ball 2-1: Ground out 6-3 (Groundball, 6, EV 80.6 MPH)
|
| Top of the 4th over - 1 run, 2 hits, 0 errors, 1 left on base; Detroit (APP) 1 - Texas (APP) 0 |
| BOTTOM OF THE 4TH |
|
Texas (APP) Rangers batting - Pitching for Detroit (APP) Tigers : RHP John Evancho
|
|
Batting: LHB Walter Vegter
|
0-0: Foul Ball, location: 2F 0-1: Ball 1-1: Ground out 6-3 (Groundball, 56, EV 100.6 MPH)
|
|
Batting: RHB Jay De Angelis
|
0-0: Ground out 5-3 (Groundball, 5S, EV 67.5 MPH)
|
|
Batting: RHB Robby Adair
|
0-0: Foul Ball, location: 2F 0-1: Swinging Strike 0-2: Ball 1-2: Ground out 5-3 (Groundball, 56, EV 101.9 MPH)
|
| Bottom of the 4th over - 0 runs, 0 hits, 0 errors, 0 left on base; Detroit (APP) 1 - Texas (APP) 0 |
| TOP OF THE 5TH |
|
Detroit (APP) Tigers batting - Pitching for Texas (APP) Rangers : RHP Jim Canady
|
|
Batting: RHB Jon Goldstein
|
0-0: Fly out, F9 (Flyball, 9S, EV 85.0 MPH)
|
|
Batting: RHB Keith Hoffman
|
0-0: Foul Ball, location: 2F 0-1: Ball 1-1: Foul Ball, location: 2F 1-2: Ball 2-2: Ground out 3-1 (Groundball, 34, EV 104.4 MPH)
|
|
Batting: RHB Adam MacConnell
|
0-0: Foul Ball, location: 2F 0-1: Ball 1-1: Swinging Strike 1-2: Strikes out swinging
|
| Top of the 5th over - 0 runs, 0 hits, 0 errors, 0 left on base; Detroit (APP) 1 - Texas (APP) 0 |
| BOTTOM OF THE 5TH |
|
Texas (APP) Rangers batting - Pitching for Detroit (APP) Tigers : RHP John Evancho
|
|
Batting: RHB Ryan Pastore
|
0-0: Ball 1-0: Ball 2-0: Ball 3-0: Called Strike 3-1: Swinging Strike 3-2: Foul Ball, location: 2F 3-2: Strikes out swinging
|
|
Batting: RHB David Redman
|
0-0: Ball 1-0: Called Strike 1-1: Ball 2-1: Ball 3-1: Base on Balls
|
|
Batting: SHB Mark Paquin
|
0-0: Ball 1-0: Ball 2-0: SINGLE (Groundball, 3D, EV 105.0 MPH) David Redman to second Runner from 2nd tries for 3rd, SAFE, throw by RF made to third
|
|
Batting: RHB Matt Silva
|
0-0: Ball 1-0: Ball 2-0: Ball 3-0: Called Strike 3-1: Base on Balls Mark Paquin to second
|
|
Batting: RHB Alex Lopez
|
0-0: Called Strike 0-1: Grounds into double play, 4-6-3 (Groundball, 4, EV 86.9 MPH)
|
| Bottom of the 5th over - 0 runs, 1 hit, 0 errors, 2 left on base; Detroit (APP) 1 - Texas (APP) 0 |
| TOP OF THE 6TH |
|
Detroit (APP) Tigers batting - Pitching for Texas (APP) Rangers : RHP Jim Canady
|
|
Batting: RHB Tony Soto
|
0-0: Called Strike 0-1: Foul Ball, location: 2F 0-2: Strikes out swinging
|
|
Batting: RHB Jose Evangelista
|
0-0: Ball 1-0: SINGLE (Groundball, 56, EV 96.3 MPH) (infield hit)
|
|
Batting: RHB Willie Ochoa
|
0-0: Called Strike 0-1: Swinging Strike 0-2: Ball 1-2: Ball 2-2: Fly out, F4 (Flyball, 34D, EV 76.3 MPH)
|
|
Batting: RHB Jamie Villagrana
|
0-0: Called Strike 0-1: Ball 1-1: SINGLE (Groundball, 34D, EV 98.8 MPH) Jose Evangelista to second Runner from 2nd tries for 3rd, SAFE, throw by RF made at trailing runner, OUT! 9-6
|
| Top of the 6th over - 0 runs, 2 hits, 0 errors, 1 left on base; Detroit (APP) 1 - Texas (APP) 0 |
| BOTTOM OF THE 6TH |
|
Texas (APP) Rangers batting - Pitching for Detroit (APP) Tigers : RHP John Evancho
|
|
Batting: SHB Albert Ortiz
|
0-0: Ground out 4-3 (Groundball, 34, EV 105.0 MPH)
|
|
Batting: LHB Walter Vegter
|
0-0: SINGLE (Groundball, 4MD, EV 98.1 MPH)
|
|
Batting: RHB Jay De Angelis
|
0-0: Ball 1-0: Swinging Strike 1-1: Swinging Strike 1-2: Strikes out swinging
|
|
Batting: RHB Robby Adair
|
0-0: Ball 1-0: Ball 2-0: Called Strike 2-1: Swinging Strike 2-2: Fly out, F9 (Flyball, 9S, EV 89.4 MPH)
|
| Bottom of the 6th over - 0 runs, 1 hit, 0 errors, 1 left on base; Detroit (APP) 1 - Texas (APP) 0 |
| TOP OF THE 7TH |
|
Detroit (APP) Tigers batting - Pitching for Texas (APP) Rangers : RHP Jim Canady
|
|
Batting: RHB Jeremiah Washington
|
0-0: Ball 1-0: Ground out 3-1 (Groundball, 34, EV 82.5 MPH)
|
|
Batting: LHB Steve Herrera
|
0-0: Foul Ball, location: 2F 0-1: Foul Ball, location: 2F 0-2: Strikes out swinging
|
|
Batting: RHB Jon Goldstein
|
0-0: Ball 1-0: Ball 2-0: Ball 3-0: Called Strike 3-1: Foul Ball, location: 2F 3-2: Foul Ball, location: 2F 3-2: Base on Balls
|
|
Pitching: LHP Tony Bravo
|
|
|
Batting: RHB Keith Hoffman
|
0-0: Ball 1-0: Ball 2-0: Called Strike 2-1: Foul Ball, location: 2F 2-2: Ball 3-2: Base on Balls Jon Goldstein to second
|
|
Batting: RHB Adam MacConnell
|
0-0: Ball 1-0: Ball 2-0: Called Strike 2-1: Swinging Strike 2-2: Ball 3-2: SINGLE (Groundball, 6S, EV 66.9 MPH) (infield hit) Jon Goldstein to third Keith Hoffman to second
|
|
Batting: RHB Tony Soto
|
0-0: Ball 1-0: Called Strike 1-1: Ball 2-1: Swinging Strike 2-2: Strikes out looking
|
| Top of the 7th over - 0 runs, 1 hit, 0 errors, 3 left on base; Detroit (APP) 1 - Texas (APP) 0 |
| BOTTOM OF THE 7TH |
|
Texas (APP) Rangers batting - Pitching for Detroit (APP) Tigers : RHP John Evancho
|
|
Pitching: RHP Luis Brown
|
|
|
Batting: RHB Ryan Pastore
|
0-0: Ball 1-0: Ball 2-0: Called Strike 2-1: Ball 3-1: Swinging Strike 3-2: Foul Ball, location: 2F 3-2: Strikes out looking
|
|
Batting: LHB Justin Wheelock
|
0-0: Called Strike 0-1: SINGLE (Groundball, 34D, EV 103.1 MPH)
|
|
Batting: SHB Mark Paquin
|
0-0: Ball 1-0: Ball 2-0: Called Strike 2-1: Ball 3-1: Base on Balls Justin Wheelock to second
|
|
Pinch Hitting: LHB Tomoya Hashimoto
|
0-0: Ball 1-0: Fly out, F7 (Flyball, 78S, EV 80.0 MPH)
|
|
Pinch Hitting: LHB Steven Frederick
|
0-0: Foul Ball, location: 2F 0-1: Called Strike 0-2: Foul Ball, location: 2F 0-2: Ball 1-2: Ball 2-2: Ball 3-2: Base on Balls Justin Wheelock to third Mark Paquin to second
|
|
Batting: SHB Albert Ortiz
|
0-0: Swinging Strike 0-1: Ball 1-1: Called Strike 1-2: Strikes out swinging
|
| Bottom of the 7th over - 0 runs, 1 hit, 0 errors, 3 left on base; Detroit (APP) 1 - Texas (APP) 0 |
| TOP OF THE 8TH |
|
Detroit (APP) Tigers batting - Pitching for Texas (APP) Rangers : LHP Tony Bravo
|
|
Pitching: LHP Ken Berger
|
|
|
Now at 2B: Jeremy Palac
|
|
|
Now in RF: Steven Frederick
|
|
|
Batting: RHB Jose Evangelista
|
0-0: Ball 1-0: Fly out, F8 (Flyball, 8RD, EV 99.4 MPH)
|
|
Batting: RHB Willie Ochoa
|
0-0: Called Strike 0-1: Foul Ball, location: 2F 0-2: Ball 1-2: Strikes out swinging
|
|
Batting: RHB Jamie Villagrana
|
0-0: Foul Ball, location: 2F 0-1: Ball 1-1: Fly out, F4 (Line Drive, 4, EV 61.3 MPH)
|
| Top of the 8th over - 0 runs, 0 hits, 0 errors, 0 left on base; Detroit (APP) 1 - Texas (APP) 0 |
| BOTTOM OF THE 8TH |
|
Texas (APP) Rangers batting - Pitching for Detroit (APP) Tigers : RHP Luis Brown
|
|
Pitching: LHP Josh Sinclair
|
|
|
Batting: LHB Walter Vegter
|
0-0: Foul Ball, location: 2F 0-1: SINGLE (Groundball, 4MS, EV 66.9 MPH) (infield hit)
|
|
Pitching: RHP Cameron Maxwell
|
|
|
Batting: RHB Jay De Angelis
|
0-0: Ball 1-0: Ground out 6-3 (Groundball, 6MS, EV 85.0 MPH) Walter Vegter to second
|
|
Batting: RHB Robby Adair
|
0-0: Fly out, F7 (Flyball, 7, EV 90.0 MPH)
|
|
Batting: RHB Ryan Pastore
|
0-0: Called Strike 0-1: Ball 1-1: Foul Ball, location: 2F 1-2: Ball 2-2: DOUBLE (Flyball, 8LXD, EV 101.3 MPH) Walter Vegter scores
|
|
Batting: LHB Justin Wheelock
|
0-0: Called Strike 0-1: Ball 1-1: Ball 2-1: Foul Ball, location: 2F 2-2: Foul Ball, location: 2F 2-2: Ball 3-2: Base on Balls
|
|
Batting: SHB Mark Paquin
|
0-0: Ball 1-0: Fly out, F7 (Flyball, 7LM, EV 93.8 MPH)
|
| Bottom of the 8th over - 1 run, 2 hits, 0 errors, 2 left on base; Detroit (APP) 1 - Texas (APP) 1 |
| TOP OF THE 9TH |
|
Detroit (APP) Tigers batting - Pitching for Texas (APP) Rangers : LHP Ken Berger
|
|
Batting: RHB Jeremiah Washington
|
0-0: Called Strike 0-1: Fly out, F8 (Flyball, 89D, EV 95.0 MPH)
|
|
Pinch Hitting: RHB Brandon Everett
|
0-0: Called Strike 0-1: Foul Ball, location: 2F 0-2: Ball 1-2: Ball 2-2: Ball 3-2: Strikes out swinging, 2-3 out at first.
|
|
Batting: RHB Jon Goldstein
|
0-0: Ball 1-0: Ground out 6-3 (Groundball, 6, EV 88.8 MPH)
|
| Top of the 9th over - 0 runs, 0 hits, 0 errors, 0 left on base; Detroit (APP) 1 - Texas (APP) 1 |
| BOTTOM OF THE 9TH |
|
Texas (APP) Rangers batting - Pitching for Detroit (APP) Tigers : RHP Cameron Maxwell
|
|
Now in LF: Cory Wilkins
|
|
|
Batting: RHB Jeremy Palac
|
0-0: Called Strike 0-1: Foul Ball, location: 2F 0-2: Ball 1-2: Strikes out swinging
|
|
Batting: LHB Steven Frederick
|
0-0: Called Strike 0-1: Swinging Strike 0-2: Strikes out swinging
|
|
Pinch Hitting: RHB Shawn Weber
|
0-0: SINGLE (Groundball, 56D, EV 98.1 MPH)
|
|
Batting: LHB Walter Vegter
|
0-0: Called Strike Shawn Weber steals 2nd base 0-1: Ball 1-1: Intentional Walk
|
|
Batting: RHB Jay De Angelis
|
0-0: Ball 1-0: Ball 2-0: Called Strike 2-1: Ball 3-1: Base on Balls Shawn Weber to third Walter Vegter to second
|
|
Batting: RHB Robby Adair
|
0-0: Ball 1-0: Ball 2-0: Ball 3-0: Called Strike 3-1: Fielders Choice at 2nd, 5-4 (Groundball, 5, EV 79.4 MPH)
|
| Bottom of the 9th over - 0 runs, 1 hit, 0 errors, 3 left on base; Detroit (APP) 1 - Texas (APP) 1 |
| TOP OF THE 10TH |
|
Detroit (APP) Tigers batting - Pitching for Texas (APP) Rangers : LHP Ken Berger
|
|
Pitching: LHP A.J. Heffner
|
|
|
Now at C: Alejandro Luna
|
|
|
Batting: RHB Keith Hoffman
|
0-0: Ball 1-0: Ball 2-0: Ground out 4-3 (Groundball, 4, EV 100.6 MPH)
|
|
Batting: RHB Adam MacConnell
|
0-0: Called Strike 0-1: Ball 1-1: Ball 2-1: Swinging Strike 2-2: Ball 3-2: Strikes out looking
|
|
Batting: RHB Tony Soto
|
0-0: Ball 1-0: Ball 2-0: Swinging Strike 2-1: Foul Ball, location: 2F 2-2: Fly out, F9 (Flyball, 89XD, EV 103.8 MPH)
|
| Top of the 10th over - 0 runs, 0 hits, 0 errors, 0 left on base; Detroit (APP) 1 - Texas (APP) 1 |
| BOTTOM OF THE 10TH |
|
Texas (APP) Rangers batting - Pitching for Detroit (APP) Tigers : RHP Cameron Maxwell
|
|
Pitching: RHP Kyle Moore
|
|
|
Batting: RHB Ryan Pastore
|
0-0: SINGLE (Groundball, 34D, EV 101.3 MPH)
|
|
Batting: LHB Justin Wheelock
|
0-0: Called Strike 0-1: Ball 1-1: Ball 2-1: Foul Ball, location: 2F 2-2: Strikes out looking
|
|
Batting: SHB Mark Paquin
|
0-0: Called Strike 0-1: Ball 1-1: Ground out 5-3 (Groundball, 6S, EV 75.0 MPH) Ryan Pastore to second
|
|
Batting: RHB Jeremy Palac
|
0-0: Swinging Strike 0-1: Reached on error, E6 (Popup, 6M, EV 58.8 MPH) Ryan Pastore to third
|
|
Batting: LHB Steven Frederick
|
0-0: Called Strike 0-1: Swinging Strike 0-2: Ball 1-2: SINGLE (Groundball, 3D, EV 94.4 MPH) Ryan Pastore scores
|
| Bottom of the 10th over - 1 run, 2 hits, 1 error, 0 left on base; Detroit (APP) 1 - Texas (APP) 2 |
| |
|
Game Over ... Texas (APP) defeats Detroit (APP), 2 to 1
|
|
|